 Dungeon Crawl Stone Soup version 0.19-a0-1051-gdb7e7f8 (webtiles) character file.

57 Jmtri7 the Ducker (level 4, -9/28 HPs)
             Began as a Kobold Gladiator on Aug 2, 2016.
             Mangled by a gnoll
             ... wielding a +0 halberd
              (15 damage)
             ... on level 3 of the Dungeon.
             The game lasted 00:04:30 (1715 turns).

Jmtri7 the Ducker (Kobold Gladiator)                Turns: 1715, Time: 00:04:31

Health: -9/28      AC:  2    Str: 13    XL:     4   Next: 18%
Magic:  4/4        EV: 12    Int:  6    God:
Gold:   105        SH:  0    Dex: 17    Spells: 0 memorised, 3 levels left

rFire  . . .     SeeInvis .     a - +0 rapier
rCold  . . .     Gourm    .     (no armour)
rNeg   . . .     Faith    .     (shield restricted)
rPois  .         Spirit   .     c - +0 helmet
rElec  .         Dismiss  .     k - +0 cloak
rCorr  .         Reflect  .     (no gloves)
SustAt .         Harm     .     (no boots)
MR     .....                    (no amulet)
Stlth  ++........               (no ring)
                                (no ring)

@: not resistant to hostile enchantments, unstealthy
A: carnivore 3
a: no special abilities


You were on level 3 of the Dungeon.
You were completely stuffed.

You visited 1 branch of the dungeon, and saw 3 of its levels.

You collected 105 gold pieces.

Inventory:

Hand Weapons
 a - a +0 rapier (weapon)
Missiles
 d - 3 throwing nets (quivered)
Armour
 c - a +0 helmet (worn)
 k - a +0 cloak (worn)
Scrolls
 b - a scroll of identify {unknown}
 i - a scroll of fear {unknown}
 j - 2 scrolls of remove curse {unknown}
 l - a scroll of amnesia {unknown}
 n - a scroll of random uselessness {unknown}
Potions
 e - 3 potions of heal wounds {unknown}
 o - a potion of agility {unknown}
 p - a potion of ambrosia {unknown}
Books
 m - a book of the Earth

   Spells                             Type                      Level
   a - Leda's Liquefaction            Hexes/Earth                  4
   b - Bolt of Magma                  Conjuration/Fire/Earth       5
   c - Statue Form                    Transmutation/Earth          6
   d - Iron Shot                      Conjuration/Earth            6
   e - Shatter                        Earth                        9
Comestibles
 f - a meat ration
 h - a beef jerky


   Skills:
 + Level 3.4 Fighting
 - Level 4.0 Short Blades
 - Level 2.1 Throwing
 + Level 4.8 Dodging


You had 3 spell levels left.
You didn't know any spells.

Dungeon Overview and Level Annotations

Branches:
Dungeon (3/15)

Altars:


Innate Abilities, Weirdness & Mutations

You are small and have problems with some larger weapons.
You are carnivorous and can eat meat at any time.


Message History

a flail; a gnoll corpse You butcher the gnoll corpse.
g - 3 chunks of flesh You see here a flail.
You start resting.
Eating one of 3 chunks of flesh.
You start eating one of the 3 chunks of flesh.
You continue eating. x2
You finish eating.
This raw flesh tastes great.
All of the chunks of flesh in your inventory have rotted away.
HP restored.
There is a stone staircase leading down, spattered with blood here.
You climb downwards.
The gnoll hits you with a halberd!
Ouch! That really hurt!
There is a stone staircase leading up, spattered with blood here.
The gnoll hits you from afar with a spear.
* * * LOW HITPOINT WARNING * * *
The gnoll hits you with a halberd!
Ouch! That really hurt!
You die...

...........#....
.......?.........
$................
.................
#...............
#...............
##..........(....
#........@......?
....$.....g#.....
....##.#g### .%.
#. #....# #
#..#.## #..##.
#.# .. #. #.# #


You could see 2 gnolls.

Vanquished Creatures
  2 gnolls (D:2)
  An ooze (D:1)
  3 dart slugs
  A ball python (D:1)
  4 bats
  3 giant cockroaches
  2 goblins
  3 hobgoblins
  A giant newt (D:1)
  A kobold (D:2)
  6 rats
27 creatures vanquished.

Notes
Turn   | Place    | Note
-------+----------+-------------------------------------------
     0 | D:1      | Jmtri7 the Kobold Gladiator began the quest for the Orb.
     0 | D:1      | Reached XP level 1. HP: 12/12 MP: 1/1
   178 | D:1      | Reached XP level 2. HP: 15/18 MP: 2/2
   346 | D:1      | Reached XP level 3. HP: 22/22 MP: 3/3
  1463 | D:2      | Reached XP level 4. HP: 5/28 MP: 4/4
  1715 | D:3      | Mangled by a gnoll

Vault maps used:
D:1:      lightli_arrival_quake
D:2:      minmay_misc_feat_roman
D:3:      lemuel_crystal_altar, uniq_crazy_yiuf_cottage

Skill      XL: |  1  2  3 |
---------------+----------+-----
Dodging        | 4 |  4.8
Fighting       | 3 |  3.4
Short Blades   | |  4.0
Throwing       | |  2.1

Action                   |  1- 3 |  4- 6 || total
-------------------------+-------+-------++-------
Melee: Rapier            |    74 |       ||    74
 Stab: Sleeping          |     3 |       ||     3
  Eat: Chunk             |    10 |     1 ||    11
Armor: Leather armour    |    10 |       ||    10
       Skin              |     4 |       ||     4
Dodge: Dodged            |    81 |       ||    81
